 Dungeon Crawl Stone Soup version 0.29.1-4-g47bece8355 (webtiles) character file.

Game seed: 17641155534432950156

18 ChadusMaximus the Caller (level 2, 0/19 HPs)
             Began as a Human Summoner on Dec 6, 2022.
             Frozen to death by an endoplasm (4 damage)
             ... on level 2 of the Dungeon.
             The game lasted 00:00:56 (1565 turns).

ChadusMaximus the Caller (Human Summoner)           Turns: 1565, Time: 00:00:57

Health: 0/19       AC:  2    Str:  8    XL:     2   Next: 90%
Magic:  2/5        EV: 12    Int: 15    God:
Gold:   62         SH:  0    Dex: 13    Spells: 4/5 levels left

rFire   . . .      SeeInvis .   e - +0 spear
rCold   . . .      Faith    .   (no shield)
rNeg    . . .      Spirit   .   a - +0 robe
rPois   .          Reflect  .   (no helmet)
rElec   .          Harm     .   (no cloak)
rCorr   .          Rampage  .   (no gloves)
Will    .....                   (no boots)
Stlth   ++........              (no amulet)
HPRegen 0.06/turn               (no ring)
MPRegen 0.09/turn               (no ring)

@: no status effects
A: no striking features
a: no special abilities


You were on level 2 of the Dungeon.
You visited 1 branch of the dungeon, and saw 2 of its levels.

You collected 62 gold pieces.

Inventory:

Hand Weapons
 e - a +0 spear (weapon)
Armour
 a - a +0 robe (worn)
Scrolls
 c - 3 scrolls of torment {unknown}
 d - a scroll of enchant weapon {unknown}
 f - a scroll of acquirement {unknown}
 g - 2 scrolls of identify {unknown}
Potions
 b - a potion of magic


   Skills:
 + Level 2.3 Dodging
 + Level 2.3 Stealth
 + Level 2.2 Spellcasting
 + Level 4.2 Summonings


You had 4 spell levels left.
You knew the following spells:

 Your Spells              Type           Power      Damage    Failure   Level
a - Summon Small Mammal   Summ           56%        N/A       3%          1

Your spell library contained the following spells:

 Spells                   Type           Power      Damage    Failure   Level
 Call Imp                 Summ           14%        N/A       6%          2
 Call Canine Familiar     Summ           14%        N/A       12%         3
 Summon Guardian Golem    Hex/Summ       8%         N/A       26%         3
 Summon Lightning Spire   Summ/Air       8%         N/A       65%         4


Dungeon Overview and Level Annotations

Branches:
Dungeon (2/15)

Altars:


Message History

The bat hits you. The endoplasm hits you. The ball python misses you.
The ball python constricts you. The bat barely misses your bat.
Unknown command.
You hit the ball python.
You kill the ball python!
Your bat hits the bat but does no damage.
Your bat hits the endoplasm. The bat hits you but does no damage.
Your bat closely misses the bat.
The endoplasm hits you.
You hit the endoplasm but do no damage.
The endoplasm is lightly wounded.
Your bat hits the bat. The bat barely misses you.
Your bat barely misses the bat.
Your bat hits the endoplasm but does no damage.
The endoplasm freezes you.
You are frozen.
Your bat hits the endoplasm.
The endoplasm hits you but does no damage.
Your magical contamination has completely faded away.
You are too injured to fight recklessly!
Unknown command.
You are too injured to fight recklessly!
Unknown command.
You are too injured to fight recklessly!
You are too injured to fight recklessly!
Unknown command.
You miss the bat.
The bat is moderately wounded.
The bat barely misses you.
Your bat hits the bat but does no damage.
The bat hits your bat but does no damage.
Your bat barely misses the bat.
Your bat barely misses the endoplasm.
The endoplasm freezes you.
You are frozen.
* * * LOW HITPOINT WARNING * * *
You hit the bat.
You kill the bat!
Your bat hits the endoplasm but does no damage. x3
Your bat hits the endoplasm. The endoplasm freezes you.
You are frozen.
You die...

#. ..♣.♣
###.###....
.........♣♣
#.........
#........ #
#......#
#..##.bJ†..#
#$...b.@..#
#####...###
#.......##
#........########.
#.................
#####....##.#####.
#...<<#..#
###..†##... #####
....


You could see an endoplasm (ally target) and 2 friendly bats.

Vanquished Creatures
  A ball python (D:2)
  4 bats
  2 giant cockroaches
  A goblin (D:1)
  A hobgoblin (D:1)
  A kobold (D:1)
  A rat (D:1)
11 creatures vanquished.

Vanquished Creatures (collateral kills)
  2 endoplasms (D:1)
  A hobgoblin (D:1)
  A ball python (D:1)
  A rat (D:1)
5 creatures vanquished.

Grand Total: 16 creatures vanquished

Notes
Turn   | Place    | Note
-------+----------+-------------------------------------------
     0 | D:1      | ChadusMaximus the Human Summoner began the quest for the
                  | Orb.
     0 | D:1      | Reached XP level 1. HP: 13/13 MP: 3/3
   570 | D:1      | Reached XP level 2. HP: 11/19 MP: 3/5
  1565 | D:2      | Frozen to death by an endoplasm

Illustrated notes

Levels and vault maps discovered:
D:1:      dpeg_arrival_solitude, layout_loops_corners
D:2:      layout_basic, serial_bayou, serial_bayou_pond_d,
          serial_bayou_crossing, serial_bayou_lake_a, serial_bayou_pond_d

Action                   || total
-------------------------++-------
Melee: Unarmed           ||    30
       Punch             ||     1
       Spear             ||    46
 Cast: Summon Small Mamm ||    18
 Stab: Distracted        ||     1
       Sleeping          ||     1
Armor: Robe              ||    20
Dodge: Dodged            ||    59
